 Dungeon Crawl Stone Soup version 0.28.0-43-g3370ac3207 (webtiles) character file.

Game seed: 925153864176688652

2591 terff the Covert (level 9, -7/61 HPs)
             Began as an Octopode Brigand on Mar 21, 2022.
             Mangled by an orc warrior
             ... wielding a +0 trident
              (19 damage)
             ... on level 7 of the Dungeon.
             The game lasted 00:20:00 (7402 turns).

terff the Covert (Octopode Brigand)                 Turns: 7402, Time: 00:20:01

Health: -7/61      AC:  1    Str: 11    XL:     9   Next: 58%
Magic:  9/9        EV: 15    Int: 13    God:
Gold:   287        SH:  0    Dex: 17    Spells: 8/8 levels left

rFire   . . .      SeeInvis .   p - +2 rapier (vamp)
rCold   . . .      Faith    .   (no shield)
rNeg    . . .      Spirit   .   (helmet restricted)
rPois   +          Reflect  .   u - amulet of regeneration
rElec   .          Harm     .   i - ring of resist corrosion
rCorr   +          Rampage  .   t - ring of poison resistance
Will    .....                   (no ring)
Stlth   ++++++....              (no ring)
HPRegen 1.00/turn               (no ring)
MPRegen 0.11/turn               (no ring)
                                (no ring)
                                (no ring)

@: no status effects
A: almost no armour, amphibious, 8 rings, camouflage 1, gelatinous body 1,
(nimble swimmer 1), tentacles
a: no special abilities


You were on level 7 of the Dungeon.
You visited 2 branches of the dungeon, and saw 8 of its levels.

You collected 287 gold pieces.

Inventory:

Hand Weapons
 a - a +2 dagger
 e - a +2 short sword of venom
 p - a +2 vampiric rapier (weapon)
Missiles
 b - 14 poisoned darts (quivered)
 c - 2 curare-tipped darts
 l - 2 atropa-tipped darts
Magical Staves
 d - a staff of air
Jewellery
 i - a ring of resist corrosion (left tentacle)
 t - a ring of poison resistance (right tentacle)
 u - an amulet of regeneration (around mantle)
Wands
 j - a wand of flame (33)
 w - a wand of acid (5)
Scrolls
 f - 3 scrolls of enchant weapon
 g - a scroll of vulnerability
 m - a scroll of blinking {unknown}
 o - a scroll of magic mapping {unknown}
 r - a scroll of teleportation
 v - a scroll of silence {unknown}
 y - a scroll of amnesia {unknown}
Potions
 h - a potion of cancellation
 k - 3 potions of curing
 n - 2 potions of brilliance
 q - a potion of resistance {unknown}
 s - 2 potions of heal wounds {unknown}
Miscellaneous
 x - a piece from Xom's chessboard (15/15)


   Skills:
 + Level 5.6 Fighting
 + Level 7.6 Short Blades
 + Level 2.1 Throwing
 + Level 5.0 Dodging
 + Level 11.6 Stealth


You had 8 spell levels left.
You didn't know any spells.
Your spell library contained the following spells:

 Spells                   Type           Power      Damage    Failure   Level
 Ensorcelled Hibernation  Hex/Ice        0%         N/A       43%         2
 Spider Form              Tmut/Pois      0%         N/A       67%         3
 Anguish                  Hex/Necr       0%         N/A       97%         4


Dungeon Overview and Level Annotations

Branches:
Dungeon (7/15)             Temple (1/1) D:5

Altars:
Ashenzari
Cheibriados
Elyvilon
Fedhas
Gozag
Hepliaklqana
Kikubaaqudgha
Makhleb
Nemelex Xobeh
Okawaru
Qazlal
Ru
Sif Muna
Trog
Uskayaw
Vehumet
Wu Jian
Xom
Yredelemnul
Zin
The Shining One

Shops:
D:2 (   D:3 !   D:7 [


Innate Abilities, Weirdness & Mutations

You cannot wear most types of armour.
You are amphibious.
You can wear up to eight rings at the same time.
Your skin changes colour to match your surroundings (Stealth+).
Your rubbery body absorbs attacks. (AC +1, EV +1)
((You are camouflaged when in or above water. (Stealth+)))
You have tentacles for arms and can constrict up to eight enemies at once.


Message History

The necrophage is almost destroyed.
You constrict the necrophage.
The orc wizard mumbles some strange words.
The orc wizard flickers and vanishes!
Deactivating autopickup; reactivate with Ctrl-A.
The necrophage hits you.
You release your grip on the necrophage.
You hit the necrophage.
You destroy the necrophage!
Your life force feels restored.
Your Dodging skill increases to level 5!
The orc warrior throws a boomerang.
The boomerang hits you.
The orc wizard gestures wildly while chanting.
The orc wizard flickers and vanishes!
The orc warrior throws a boomerang.
The boomerang barely misses you.
The orc warrior throws a boomerang.
The boomerang closely misses you.
A centaur skeleton comes into view.
The orc warrior throws a boomerang.
The boomerang completely misses you. The orc warrior closely misses you.
The orc warrior throws a boomerang.
The orc warrior closely misses you.
The orc warrior throws a boomerang.
The orc warrior hits you from afar with a +0 trident!
The orc warrior barely misses you.
The orc wizard shouts!
The orc wizard hits you with a +0 dagger.
Something hits you.
You barely miss the orc wizard. Your grab misses the orc wizard.
The orc wizard gestures at you while chanting.
The puff of flame hits you!
The orc warrior hits you from afar with a +0 trident!
* * * LOW HITPOINT WARNING * * *
You closely miss the orc wizard. Your grab misses the orc wizard.
Something hits you.
* * * LOW HITPOINT WARNING * * *
The orc wizard hits you with a +0 dagger.
* * * LOW HITPOINT WARNING * * *
You barely miss the orc wizard. You grab the orc wizard.
You constrict the orc wizard.
The orc warrior hits you from afar with a +0 trident!!
You die...

#. #..........##...#..## #.
#...................##
#................(...# #.
#....................#####.
##.###..#'#.......)........
#.###..+∩+.........#......
#......#+#................
#####.oo.o.....)..........
###..@..>.>........o..
#......[.............
#..............)..[...
#........#.....##.o..†<.
#.......######....[.....
#......## #####......
#......# #....#[ #......#
###..#. #....


You could see 2 orc warriors and an orc wizard.

Vanquished Creatures
  Pikel (D:6)
  Maggie (D:6)
  Sigmund (D:2)
  Eustachio (D:6)
  Menkaure (D:6)
  A water moccasin (D:5)
  A sky beast (D:7)
  A necrophage (D:7)
  A black bear (D:6)
  An ogre (D:5)
  4 lemures (D:6)
  A kobold brigand (D:5)
  A scorpion (D:5)
  A wyvern skeleton (D:7)
  3 hounds
  2 jellies
  Crazy Yiuf (D:2)
  3 orc priests
  A bullfrog skeleton (D:4)
  7 iguanas
  3 orc wizards
  A hound zombie (D:5)
  A hound skeleton (D:4)
  A howler monkey zombie (D:6)
  9 adders
  A howler monkey skeleton (D:6)
  An ufetubus (D:6)
  An adder skeleton (D:4)
  2 worms
  4 dart slugs
  7 orcs
  8 ball pythons
  4 bats
  7 endoplasms
  4 giant cockroaches
  6 goblins
  5 hobgoblins
  4 jackals (D:3)
  14 kobolds
  2 quokkas
  2 frilled lizards
  4 rats
  2 butterflies (D:7)
127 creatures vanquished.

Notes
Turn   | Place    | Note
-------+----------+-------------------------------------------
     0 | D:1      | terff the Octopode Brigand began the quest for the Orb.
     0 | D:1      | Reached XP level 1. HP: 14/14 MP: 1/1
   144 | D:1      | Reached XP level 2. HP: 17/19 MP: 2/2
   208 | D:1      | Reached skill level 6 in Stealth
   668 | D:1      | Reached XP level 3. HP: 24/24 MP: 1/3
   851 | D:2      | Found Tutzeg's Antique Weapon Shop.
  1780 | D:2      | Noticed Sigmund
  1789 | D:2      | Killed Sigmund
  1790 | D:2      | Reached skill level 8 in Stealth
  1790 | D:2      | Reached XP level 4. HP: 30/30 MP: 1/4
  1790 | D:2      | Reached XP level 5. HP: 35/35 MP: 1/5
  1878 | D:2      | Found a runed translucent door.
  1879 | D:2      | Noticed Crazy Yiuf
  1886 | D:2      | Killed Crazy Yiuf
  1887 | D:2      | Reached XP level 6. HP: 41/41 MP: 2/6
  2774 | D:3      | Found Saqanirph's Distillery.
  2856 | D:3      | Found a white marble altar of Elyvilon.
  3396 | D:4      | Reached skill level 9 in Stealth
  3928 | D:4      | Found a basalt altar of Yredelemnul.
  4158 | D:4      | Reached XP level 7. HP: 39/45 MP: 7/7
  4899 | D:5      | Entered Level 5 of the Dungeon
  4915 | D:5      | Found a sacrificial altar of Ru.
  5011 | D:5      | Found a staircase to the Ecumenical Temple.
  5033 | D:5      | Reached skill level 10 in Stealth
  5049 | Temple   | Entered the Ecumenical Temple
  5245 | D:5      | Found an iron altar of Okawaru.
  5964 | D:6      | Noticed Pikel
  5976 | D:6      | Reached XP level 8. HP: 33/53 MP: 8/8
  6080 | D:5      | Reached skill level 5 in Short Blades
  6440 | D:6      | Found a blossoming altar of Fedhas.
  6508 | D:6      | Noticed Eustachio
  6508 | D:6      | Noticed Maggie
  6568 | D:6      | Killed Maggie
  6593 | D:6      | Killed Eustachio
  6594 | D:6      | Reached skill level 11 in Stealth
  6857 | D:6      | Killed Pikel
  6858 | D:6      | Reached skill level 5 in Fighting
  6858 | D:6      | Reached XP level 9. HP: 44/61 MP: 9/9
  7079 | D:6      | Noticed Menkaure
  7090 | D:6      | Killed Menkaure
  7135 | D:7      | Found a shimmering altar of Xom.
  7354 | D:7      | Found Uzutwuth's Armour Boutique.
  7384 | D:7      | Reached skill level 5 in Dodging
  7402 | D:7      | Mangled by an orc warrior

Illustrated notes

Levels and vault maps discovered:
D:1:      lemuel_arrival_tunnels, layout_rooms
D:2:      layout_basic, serial_shops, nicolae_shop_advertising_works
          [nicolae_subvault_shop_adworks], uniq_sigmund, uniq_crazy_yiuf_cottage
D:3:      layout_basic, elyvilon_altar_3, serial_shops,
          nicolae_shop_statue_plus, minmay_circle_x
D:4:      layout_cave_pools, lemuel_round_altar
D:5:      layout_gridville, old_standard_altar, okawaru_metal_pillars_1_2,
          minmay_temple_entry_drinking_statues, hangedman_abyss_or_decor_stabs,
          chequers_serial_rivers_large_a
D:6:      layout_gridville, kennysheep_little_box, uniq_eustachio, uniq_pikel,
          uniq_menkaure, uniq_maggie
D:7:      layout_rooms, xom_butterflies, serial_shops, kennysheep_mini_moat
Temple:   regret_index_temple_waves

Skill      XL: |  1  2  3  4  5  6  7  8  9 |
---------------+----------------------------+-----
Stealth        | 6 8 9 10 11 | 11.6
Short Blades   | 3 4 7 |  7.6
Dodging        | 2 3 4 5 |  5.0
Fighting       | 3 5 |  5.6
Throwing       | |  2.1

Action                   |  1- 3 |  4- 6 |  7- 9 || total
-------------------------+-------+-------+-------++-------
Melee: Dagger            |    20 |       |       ||    20
       Constrict         |    13 |    16 |    46 ||    75
       Tentacles         |    10 |    12 |    58 ||    80
       Short sword       |    30 |    73 |   128 ||   231
       Punch             |     1 |     2 |     3 ||     6
       Rapier            |       |       |    61 ||    61
  Use: Scroll            |     1 |     6 |     3 ||    10
       Potion            |       |       |     1 ||     1
 Stab: Sleeping          |    12 |    12 |    11 ||    35
       Distracted        |       |       |     1 ||     1
Armor: Skin              |    10 |     4 |     8 ||    22
Dodge: Dodged            |    24 |    47 |   132 ||   203
